 Dungeon Crawl Stone Soup version 0.28.0 (webtiles) character file.

Game seed: 13515162655263854204

109 Ablot the Grasshopper (level 4, -2/38 HPs)
             Began as a Gnoll Warper on Feb 15, 2022.
             Slain by a gnoll (12 damage)
             ... on level 3 of the Dungeon.
             The game lasted 00:06:14 (3576 turns).

Ablot the Grasshopper (Gnoll Warper)                Turns: 3576, Time: 00:06:17

Health: -2/38      AC:  3    Str: 12    XL:     4   Next: 89%
Magic:  11/11      EV: 13    Int: 18    God:
Gold:   10         SH:  0    Dex: 12    Spells: 11/13 levels left

rFire   . . .      SeeInvis .   a - +0 spear
rCold   . . .      Faith    .   (no shield)
rNeg    . . .      Spirit   .   b - +0 leather armour
rPois   .          Reflect  .   (no helmet)
rElec   .          Harm     .   (no cloak)
rCorr   .          Rampage  .   (no gloves)
Will    +....                   (no boots)
Stlth   +.........              (no amulet)
HPRegen 0.12/turn               k - +6 ring of intelligence
MPRegen 0.12/turn               o - ring of willpower

@: no status effects
A: fangs 1, strong nose, distributed training
a: no special abilities


You were on level 3 of the Dungeon.
You visited 1 branch of the dungeon, and saw 3 of its levels.

You collected 94 gold pieces.
You spent 84 gold pieces at shops.

Inventory:

Hand Weapons
 a - a +0 spear (weapon)
Missiles
 d - 4 boomerangs of dispersal (quivered)
 g - 30 arrows
 h - 148 stones
 p - 19 bolts
 q - 28 sling bullets
Armour
 b - a +0 leather armour (worn)
Jewellery
 k - a +6 ring of intelligence (left hand)
 o - a ring of willpower (right hand)
Scrolls
 c - 2 scrolls of blinking
 e - 2 scrolls of identify
 i - a scroll of immolation {unknown}
 m - a scroll of teleportation {unknown}
 n - 2 scrolls of noise
 r - a scroll of fear
 t - a scroll of amnesia {unknown}
Potions
 f - 2 potions of brilliance
 j - a potion of magic {unknown}
 l - 2 potions of haste
 s - a potion of heal wounds {unknown}
 u - a potion of curing {unknown}


   Skills:
 + Level 4.7 Fighting
 + Level 1.2 Short Blades
 + Level 1.2 Long Blades
 + Level 1.2 Axes
 + Level 1.2 Maces & Flails
 + Level 4.7 Polearms
 + Level 1.2 Staves
 + Level 1.2 Slings
 + Level 1.2 Bows
 + Level 1.2 Crossbows
 + Level 2.8 Throwing
 + Level 2.8 Armour
 + Level 4.7 Dodging
 + Level 1.2 Stealth
 + Level 1.2 Shields
 + Level 1.2 Unarmed Combat
 + Level 5.1 Spellcasting
 + Level 1.0 Conjurations
 + Level 1.0 Hexes
 + Level 1.0 Summonings
 + Level 1.0 Necromancy
 + Level 5.5 Translocations
 + Level 1.0 Transmutations
 + Level 1.0 Fire Magic
 + Level 1.0 Ice Magic
 + Level 1.0 Air Magic
 + Level 1.0 Earth Magic
 + Level 1.0 Poison Magic
 + Level 1.4 Invocations
 + Level 1.2 Evocations


You had 11 spell levels left.
You knew the following spells:

 Your Spells              Type           Power      Damage    Failure   Level
a - Blink                 Tloc           48%        N/A       2%          2

Your spell library contained the following spells:

 Spells                   Type           Power      Damage    Failure   Level
 Gell's Gravitas          Tloc           24%        N/A       5%          3
 Lesser Beckoning         Tloc           24%        N/A       5%          3
 Teleport Other           Tloc           24%        N/A       5%          3
 Manifold Assault         Tloc           24%        N/A       43%         5


Dungeon Overview and Level Annotations

Branches:
Dungeon (3/15)

Altars:

Shops:
D:2 (?

Annotations:
D:2 1 runed translucent door, Crazy Yiuf


Innate Abilities, Weirdness & Mutations

You have very sharp teeth.
Your uncanny sense of smell can sniff out nearby items.
Your experience applies equally to all skills.


Message History

The gnoll is moderately wounded.
The gnoll closely misses you.
Reach: a) +0 spear
Press: ? - help, Dir - move target, f/p - gnoll
Aim: a gnoll, wielding a +0 halberd (moderately wounded, about 32% to evade your +0 spear)
You reach to attack!
You hit the gnoll.
The gnoll is severely wounded.
The gnoll hits you from afar with a +0 halberd.
* * * LOW HITPOINT WARNING * * *
Reach: a) +0 spear
Press: ? - help, Dir - move target, f/p - gnoll
Aim: a gnoll, wielding a +0 halberd (severely wounded, about 32% to evade your +0 spear)
You reach to attack!
You hit the gnoll but do no damage.
The gnoll is severely wounded.
The gnoll closely misses you.
Reach: a) +0 spear
Press: ? - help, Dir - move target, f/p - gnoll
Aim: a gnoll, wielding a +0 halberd (severely wounded, about 32% to evade your +0 spear)
You reach to attack!
You hit the gnoll.
The gnoll is almost dead.
The gnoll barely misses you.
Reach: a) +0 spear
Press: ? - help, Dir - move target, f/p - gnoll
Aim: a gnoll, wielding a +0 halberd (almost dead, about 32% to evade your +0 spear)
You reach to attack!
You hit the gnoll but do no damage.
The gnoll is almost dead.
Unknown command.
Reach: a) +0 spear
Press: ? - help, Dir - move target, f/p - gnoll
Aim: a gnoll, wielding a +0 halberd (almost dead, about 32% to evade your +0 spear)
You reach to attack!
You barely miss the gnoll.
The gnoll is almost dead.
The gnoll completely misses you.
Reach: a) +0 spear
Press: ? - help, Dir - move target, f/p - gnoll
Aim: a gnoll, wielding a +0 halberd (almost dead, about 32% to evade your +0 spear)
You reach to attack!
You barely miss the gnoll.
The gnoll is almost dead.
The gnoll hits you from afar with a +0 halberd!
You die...

####.#.#...##.# #..........
#.#.######)# #..........
#.#.######.####.....)....
####.#>......)............:.
#....#.######)####...#......
#.####.# #g# #...#...... #.#
#.### #g# #...#......
#.####.#<# #.# #...# .....
#......#.# #@# #...# .....
########.# #.# #####
#......# #.# #.###### #.#
#.# #.# #.####### #.#
#.......# #.#######
#######.# #.......#
######.....# #######.#


You could see 2 gnolls.

Vanquished Creatures
  A gnoll (D:3)
  4 adders (D:2)
  A worm (D:3)
  4 dart slugs
  2 orcs (D:3)
  2 endoplasms (D:1)
  3 giant cockroaches (D:2)
  5 goblins
  2 hobgoblins
  5 jackals
  3 quokkas (D:2)
  3 ball pythons
  3 bats
  4 frilled lizards
  5 kobolds
  A rat (D:1)
48 creatures vanquished.

Notes
Turn   | Place    | Note
-------+----------+-------------------------------------------
     0 | D:1      | Ablot the Gnoll Warper began the quest for the Orb.
     0 | D:1      | Reached XP level 1. HP: 20/20 MP: 6/6
   253 | D:1      | Reached XP level 2. HP: 26/26 MP: 7/7
   301 | D:1      | Learned a level 2 spell: Blink
   588 | D:1      | Found a faded altar of an unknown god.
  1220 | D:2      | Reached skill level 5 in Spellcasting
  1220 | D:2      | Reached XP level 3. HP: 11/31 MP: 7/9
  1472 | D:2      | Reached skill level 1 in Invocations
  1664 | D:2      | Found Fonur's Weapon Shop.
  1851 | D:2      | Reached skill level 1 in Short Blades
  1851 | D:2      | Reached skill level 1 in Long Blades
  1851 | D:2      | Reached skill level 1 in Axes
  1851 | D:2      | Reached skill level 1 in Maces & Flails
  1851 | D:2      | Reached skill level 1 in Staves
  1851 | D:2      | Reached skill level 1 in Slings
  1851 | D:2      | Reached skill level 1 in Bows
  1851 | D:2      | Reached skill level 1 in Crossbows
  1851 | D:2      | Reached skill level 1 in Stealth
  1851 | D:2      | Reached skill level 1 in Shields
  1851 | D:2      | Reached skill level 1 in Unarmed Combat
  1851 | D:2      | Reached skill level 1 in Evocations
  1906 | D:2      | Reached XP level 4. HP: 22/38 MP: 11/11
  2069 | D:2      | Found Kiteuwuc's Magic Scroll Shoppe.
  2074 | D:2      | Bought a scroll of identify for 26 gold pieces
  2074 | D:2      | Bought a scroll of noise for 13 gold pieces
  2074 | D:2      | Bought a scroll of fear for 45 gold pieces
  2228 | D:2      | Found a runed translucent door.
  2229 | D:2      | Noticed Crazy Yiuf
  2533 | D:2      | You fall into a shaft and drop 1 floor!
  2761 | D:2      | Reached skill level 1 in Conjurations
  2761 | D:2      | Reached skill level 1 in Hexes
  2761 | D:2      | Reached skill level 1 in Summonings
  2761 | D:2      | Reached skill level 1 in Necromancy
  2761 | D:2      | Reached skill level 1 in Transmutations
  2761 | D:2      | Reached skill level 1 in Fire Magic
  2761 | D:2      | Reached skill level 1 in Ice Magic
  2761 | D:2      | Reached skill level 1 in Air Magic
  2761 | D:2      | Reached skill level 1 in Earth Magic
  2761 | D:2      | Reached skill level 1 in Poison Magic
  3576 | D:3      | Slain by a gnoll

Illustrated notes

Levels and vault maps discovered:
D:1:      nicolae_arrival_memento_mori, layout_loops_ring,
          shapermc_ecumenical_altar_mp_vishouse, supply_closet_lemuel
D:2:      layout_loops_ring, serial_shops, nicolae_shop_bloodbath_and_beyond,
          shop_scrolls, kennysheep_generic_room_8, uniq_crazy_yiuf_cottage
D:3:      layout_basic

Skill      XL: |  1  2  3  4 |
---------------+-------------+-----
Spellcasting   | 5 |  5.1
Invocations    | 1 |  1.4
Short Blades   | 1 |  1.2
Long Blades    | 1 |  1.2
Axes           | 1 |  1.2
Maces & Flails | 1 |  1.2
Staves         | 1 |  1.2
Slings         | 1 |  1.2
Bows           | 1 |  1.2
Crossbows      | 1 |  1.2
Stealth        | 1 |  1.2
Shields        | 1 |  1.2
Unarmed Combat | 1 |  1.2
Evocations     | 1 |  1.2
Conjurations   | 1 |  1.0
Hexes          | 1 |  1.0
Summonings     | 1 |  1.0
Necromancy     | 1 |  1.0
Transmutations | 1 |  1.0
Fire Magic     | 1 |  1.0
Ice Magic      | 1 |  1.0
Air Magic      | 1 |  1.0
Earth Magic    | 1 |  1.0
Poison Magic   | 1 |  1.0
Fighting       | |  4.7
Polearms       | |  4.7
Throwing       | |  2.8
Armour         | |  2.8
Dodging        | |  4.7
Translocations | |  5.5

Action                   |  1- 3 |  4- 6 || total
-------------------------+-------+-------++-------
Melee: Spear             |   151 |   114 ||   265
       Bite              |    14 |     7 ||    21
       Punch             |     1 |     1 ||     2
Throw: Boomerang         |       |     1 ||     1
  Use: Scroll            |       |     2 ||     2
 Stab: Sleeping          |     1 |     2 ||     3
Armor: Leather armour    |    24 |     8 ||    32
Dodge: Dodged            |    75 |    52 ||   127
